[Event "Early-Titled-Tuesday-Blitz-May-07-2024"]
[Site "Chess.com"]
[Date "2024.05.07"]
[Round "8"]
[White "RebecaJimnz"]
[Black "imdvb6307"]
[Result "0-1"]
[WhiteElo "2292"]
[BlackElo "2519"]
[TimeControl "180+1"]
[EndTime "9:34:30 PDT"]
[Termination "imdvb6307 won on time"]

1. e4 Nc6 2. Nf3 d6 3. d4 Nf6 4. Nc3 Bg4 5. Be3 e6 6. Be2 d5 7. e5 Nd7 8. Qd2 Na5 9. Nxd5 Bxf3 10.
gxf3 exd5 11. Qxa5 c6 12. Qxd8+ Rxd8 13. f4 f5 14. h4 Be7 15. h5 Nf8 16. Bd3 Kf7 17. Bxf5 Ne6 18. O-O-O g6 19. hxg6+ hxg6 20. Bd3 Ng7 21.
Rxh8 Rxh8 22. Rg1 Nf5 23. c3 b5 24. Kd2 a5 25. Ke2 a4 26. b3 Ra8 27. c4 axb3 28. axb3 Ra2+ 29. Kf3 b4 30. cxd5 cxd5 31. Rc1 Rb2 32.
Rc7 Rxb3 33. Bxf5 gxf5 34. Kg3 Ra3 35. Rb7 Ke6 36. Kg2 Ra2 37. Bc1 Rc2 38. Be3 Rb2 0-1

[Event "Early-Titled-Tuesday-Blitz-May-07-2024"]
[Site "Chess.com"]
[Date "2024.05.07"]
[Round "8"]
[White "yonaltimur"]
[Black "cycygogne"]
[Result "1-0"]
[WhiteElo "2376"]
[BlackElo "2160"]
[TimeControl "180+1"]
[EndTime "9:34:30 PDT"]
[Termination "yonaltimur won by resignation"]

1. e4 d5 2. exd5 Qxd5 3. Nc3 Qd6 4. d4 Nf6 5. Bc4 Bg4 6. Nf3 Nc6 7. Be3 e6 8. h3 Bh5 9. g4 Bg6 10. Qe2 O-O-O 11.
O-O-O Nd5 12. Nxd5 exd5 13. Bb3 Be7 14. c3 Rhe8 15.
Bc2 Be4 16. Bxe4 dxe4 17. Nd2 Bf8 18. Kb1 Qd5 19. Qc4 f6 20. Rhe1 g6 21. Qxd5 Rxd5 22. Bf4 f5 23. f3 g5 24. fxe4 fxe4 25. Be3 Rd7 26. Bxg5 h6 27. Bh4 e3 28. Nc4 e2 29.
Rd2 b5 30. Rdxe2 Rxe2 31. Rxe2 bxc4 32. Re8+ Kb7 33. Rxf8 Rh7 34. b3 cxb3 35. axb3 h5 36. g5 Re7 37. g6 Re3 38. g7 Ne7 39. Bxe7 1-0

[Event "Early-Titled-Tuesday-Blitz-May-07-2024"]
[Site "Chess.com"]
[Date "2024.05.07"]
[Round "8"]
[White "IlanSchnaider"]
[Black "tptagain"]
[Result "0-1"]
[WhiteElo "2725"]
[BlackElo "2924"]
[TimeControl "180+1"]
[EndTime "9:34:31 PDT"]
[Termination "tptagain won by resignation"]

1. d4 d5 2. c4 e6 3. Nf3 dxc4 4.
e3 Nf6 5. Bxc4 c5 6. O-O Nc6 7. dxc5 Qxd1 8. Rxd1 Bxc5 9. Nc3 O-O 10. a3 Be7 11. b4 b6 12. Bb2 Bb7 13. Rac1 Rfd8 14. Nb5 a5 15. Nc7 Rxd1+ 16. Rxd1 Rc8 17. Nxe6 axb4 18.
axb4 Nxb4 19. Bb3 fxe6 20. Bxe6+ Kf8 21. Bxc8 Bxc8 22. Bd4 b5 23. Rb1 Bd7 24. Ne5 Be8 25. f3 Nc6 26. Nxc6 Bxc6 27. Rc1 Bd5 28. e4 Bc4 29. Kf2 Nd7 30. Ke3 Nc5 31. Ra1 Ne6 32.
Ra8+ Kf7 33. Bc3 b4 34. Bb2 Bg5+ 35. Kf2 Bf6 36. Ra7+ Ke8 37. e5 Be7 38. Ra4 Bc5+ 39. Ke1 Bd5 40. Ra5 Kd7 41. f4 b3 42. f5 Bb4+ 43. Bc3 Bxa5 44. fxe6+ Kxe6 45. Bxa5 b2 0-1

[Event "Early-Titled-Tuesday-Blitz-May-07-2024"]
[Site "Chess.com"]
[Date "2024.05.07"]
[Round "8"]
[White "Lucky_Puncher"]
[Black "GothamChess"]
[Result "1-0"]
[WhiteElo "2557"]
[BlackElo "2701"]
[TimeControl "180+1"]
[EndTime "9:34:31 PDT"]
[Termination "Lucky_Puncher won by resignation"]

1. d4 d5 2. c4 dxc4 3. e4 b5 4. a4 c6 5. Nc3 a6 6. axb5 cxb5 7. Nxb5 axb5 8. Rxa8 Bb7 9. Ra1 e6 10. Nf3 Nf6 11. e5 Ne4 12. Be2 Bb4+ 13. Kf1 O-O 14.
Be3 Nc6 15. h3 Ne7 16. Nd2 Bxd2 17. Bxd2 Qxd4 18. Be3 Qxb2 19. Ra7 Nf5 20. Bc1 Qxe5 21.
Rxb7 Qc5 22. Qe1 Rd8 23. Bf3 Ned6 24. Bg5 Nxb7 25. Bxb7 Rb8 26. Be4 h6 27. Bf4 Rd8 28. Kg1 c3 29. Kh2 b4 30. f3 Nd6 31. Qg3 Nxe4 32. fxe4 Kf8 33. Rf1 Rd7 34. Be5 g5 35. Bf6 c2 36. Qb8+ 1-0

[Event "Early-Titled-Tuesday-Blitz-May-07-2024"]
[Site "Chess.com"]
[Date "2024.05.07"]
[Round "8"]
[White "Arteler"]
[Black "czechbul17"]
[Result "0-1"]
[WhiteElo "2315"]
[BlackElo "2141"]
[TimeControl "180+1"]
[EndTime "9:34:33 PDT"]
[Termination "czechbul17 won by checkmate"]

1. e4 e5 2. Nf3 d5 3. Nxe5 Bd6 4. d4 dxe4 5. Bc4 Bxe5 6. dxe5 Qxd1+ 7. Kxd1 Bg4+ 8.
Ke1 Nc6 9. Bf4 Nge7 10. Nc3 Ng6 11. Bg3 Ngxe5 12. Bb5 O-O-O 13. h3 Bf5 14. Bxe5 Nxe5 15.
Ke2 c6 16. Ba4 Nc4 17. Bb3 Na5 18. Bxf7 Rhf8 19. Bb3 Bg6 20. Rad1 Nxb3 21. axb3 Rde8 22. Rd6 Rf4 23. Ra1 Ref8 24. Nd1 Kc7 25. Rd4 a6 26. b4 h5 27. Ke3 h4 28. c4 Bh5 29.
Rd2 R4f6 30. b5 axb5 31. cxb5 cxb5 32. Nc3 Rc6 33. Nxb5+ Kb6 34. Nd4 Rd6 35. Rad1 Bxd1 36. Rxd1 Rdf6 37. Rd2 Rg6 38. f3 exf3 39. Nxf3 Re6+ 40.
Kf2 Re4 41. Rd6+ Kb5 42. Rd7 Kc6 43. Rxg7 Rb4 44. Rg6+ Kc7 45. Rg7+ Kb8 46. Rg4 Rxg4 47. hxg4 Rf4 48. g5 Rg4 49. Kg1 h3 50. Kh2 hxg2 51. g6 Rxg6 52. Ng1 Ka7 53. Nf3 Ka6 54. Ng1 Ka5 55. Nf3 Kb4 56. Nh4 Rh6 57. Kxg2 Rxh4 58. Kf3 Kb3 59. Ke2 Rc4 60. Ke3 b5 61. Kd2 Kxb2 62. Kd3 Rc8 63. Kd2 b4 64. Kd1 b3 65.
Kd2 Ka3 66. Kd3 b2 67. Kd2 b1=Q 68. Ke3 Qb4 69. Kd3 Rc3+ 70. Kd2 Qb2+ 71. Kd1 Rc1# 0-1

[Event "Early-Titled-Tuesday-Blitz-May-07-2024"]
[Site "Chess.com"]
[Date "2024.05.07"]
[Round "8"]
[White "savitha1030"]
[Black "kritipatel"]
[Result "1-0"]
[WhiteElo "2483"]
[BlackElo "2201"]
[TimeControl "180+1"]
[EndTime "9:34:36 PDT"]
[Termination "savitha1030 won by resignation"]

1. Nf3 d5 2. g3 Nf6 3. Bg2 e6 4. O-O Be7 5. d3 O-O 6. Nbd2 c5 7. b3 Nc6 8. Bb2 b6 9. e4 Bb7 10. e5 Nd7 11. Qe2 d4 12. Rfe1 Qc7 13. h4 Rae8 14. Nf1 Bd8 15. Bc1 f6 16. Bf4 fxe5 17. Nxe5 Ncxe5 18. Bxe5 Nxe5 19. Qxe5 Bxg2 20. Qxc7 Bxc7 21. Kxg2 e5 22. Nd2 Rf5 23. a4 g6 24. Re2 Kf7 25. Ne4 Ke7 26. a5 Kd7 27. g4 Rff8 28. g5 Kc6 29.
axb6 axb6 30. Nf6 Re7 31. Ra7 Ref7 32. f3 b5 33. Ra6+ Kb7 34. Re6 Bd8 35. R2xe5 Bxf6 36.
gxf6 Rxf6 37. Rxf6 Rxf6 38. Rxc5 Kb6 39. Rc8 Re6 40.
Kf2 Re3 41. Rd8 Re7 42. Rxd4 Kc5 43. Re4 Ra7 44. b4+ Kd5 45. c4+ bxc4 46. dxc4+ Kc6 47. c5 Ra2+ 48. Kg3 Ra3 49. Kg4 Rb3 50. f4 Rb1 51. Kg5 Rg1+ 52. Kh6 Rh1 53. Kxh7 Rxh4+ 54. Kxg6 Rh1 55.
f5 Rg1+ 56. Kf7 Rf1 57. f6 Kd5 58. Rg4 Rf5 59. Kg6 Rf1 60. f7 Ke6 61. Re4+ Kd7 62. Re5 Rf4 63. Rf5 Rg4+ 64. Rg5 Rf4 65. Rf5 Rg4+ 66.
Kh5 Rg1 67. f8=Q 1-0

[Event "Early-Titled-Tuesday-Blitz-May-07-2024"]
[Site "Chess.com"]
[Date "2024.05.07"]
[Round "8"]
[White "RobRam"]
[Black "schackspelaren"]
[Result "1-0"]
[WhiteElo "2534"]
[BlackElo "2381"]
[TimeControl "180+1"]
[EndTime "9:34:37 PDT"]
[Termination "RobRam won by resignation"]

1. d4 Nf6 2. e3 g6 3. Nf3 Bg7 4. Be2 O-O 5. O-O d6 6. b4 b6 7. c4 Bb7 8. a4 Ne4 9. Bb2 Nd7 10. a5 c5 11. a6 Bc8 12. Qc2 f5 13. Nbd2 Ndf6 14.
Rfd1 Qc7 15. dxc5 bxc5 16. b5 Nxf2 17. Bxf6 Nxd1 18. Bxg7 Nxe3 19. Qc3 Rf7 20. Bh8 e5 21. Nxe5 dxe5 22. Bxe5 Qd8 23. Qxe3 f4 24. Bxf4 Bf5 25.
Bf3 Qf6 26. Rf1 Re7 27. Bg5 Rxe3 28. Bxf6 Rae8 29. Bc6 R8e6 30. Bd5 Kf7 31. Bg5 Ke8 32.
Bxe6 Rxe6 33. Kf2 Bd3 34. Re1 Kd7 35. Rxe6 Kxe6 36. Ke3 Bf5 37. Bf4 Kd7 38. Bb8 1-0

[Event "Early-Titled-Tuesday-Blitz-May-07-2024"]
[Site "Chess.com"]
[Date "2024.05.07"]
[Round "8"]
[White "Suleyman_Chess06"]
[Black "TigrVShlyape"]
[Result "0-1"]
[WhiteElo "2803"]
[BlackElo "2942"]
[TimeControl "180+1"]
[EndTime "9:34:38 PDT"]
[Termination "TigrVShlyape won by checkmate"]

1. Nf3 Nf6 2. g3 d5 3. Bg2 c6 4. O-O Bf5 5. c4 e6 6. d3 dxc4 7. dxc4 Qxd1 8. Rxd1 Nbd7 9. Nc3 h6 10. Bf4 g5 11.
Be3 a5 12. Rd2 Bc5 13. Nd4 Bg6 14. Rad1 Rc8 15. f3 e5 16. Nc2 Bxc2 17. Bxc5 Nxc5 18. Rxc2 Ke7 19. Rcd2 Rcd8 20. Kf2 Rxd2 21. Rxd2 Ne8 22.
b3 f5 23. Bh3 Rf8 24. Nd1 Nd6 25. Ne3 g4 26. Bg2 h5 27. Ke1 f4 28. Nd1 Nf5 29.
gxf4 exf4 30. e4 fxe3 31. Nxe3 gxf3 32. Nxf5+ Rxf5 33. Bh3 Re5+ 34. Kf1 Re3 35. Kf2 Rc3 36. Bf5 Kf6 37. Bc2 Ke5 38. h4 b5 39. cxb5 cxb5 40. Bg6 b4 41. Rd8 Ne4+ 42. Bxe4 Kxe4 43. Rh8 Rc2+ 44. Kg3 Rg2+ 45. Kh3 Rg1 46. Re8+ Kd3 47. Rf8 Ke3 48. Re8+ Kf2 49. Kh2 Rg2+ 50. Kh3 Rg1 51. Kh2 Ra1 52. Re5 Rxa2 53. Rxh5 Ke3+ 54. Kg3 Rg2+ 55.
Kh3 Rg1 56. Re5+ Kf4 57. Re8 Rh1# 0-1

[Event "Early-Titled-Tuesday-Blitz-May-07-2024"]
[Site "Chess.com"]
[Date "2024.05.07"]
[Round "8"]
[White "Yerkinio"]
[Black "BeReal24"]
[Result "1-0"]
[WhiteElo "2665"]
[BlackElo "2493"]
[TimeControl "180+1"]
[EndTime "9:34:39 PDT"]
[Termination "Yerkinio won by checkmate"]

1. e4 c5 2. Nf3 d6 3. d4 cxd4 4. Nxd4 Nf6 5. Nc3 a6 6. Bg5 e6 7. f4 Be7 8. Qf3 Qc7 9. O-O-O Nbd7 10. g4 b5 11. Bxf6 Nxf6 12. g5 Nd7 13. f5 Nc5 14. f6 gxf6 15. gxf6 Bf8 16. Kb1 b4 17. Nd5 exd5 18.
exd5 Nd7 19. Nc6 Bb7 20. Bh3 Bxc6 21. dxc6 Ne5 22. Rhe1 h5 23. Qb3 Rd8 24. Rxe5+ dxe5 25. Bd7+ Rxd7 26. Rxd7 Qxd7 27. cxd7+ Kxd7 28. Qxf7+ Kc6 29. Qe6+ Bd6 30. Qc4+ Kd7 31. Qxa6 Rf8 32. Qf1 Kc7 33. Qf5 h4 34. h3 e4 35. Qxe4 Rxf6 36. Qc4+ Kd7 37. c3 bxc3 38. Qxc3 Rf1+ 39. Kc2 Rf2+ 40. Kb3 Bg3 41. Qd3+ Ke6 42. Qe4+ Kf6 43. a4 Rf4 44. Qc6+ Kf5 45. a5 Re4 46. a6 Re6 47. Qxe6+ Kxe6 48. a7 Kf5 49. a8=Q Kf4 50. Qc8 Kf3 51. Kc4 Kg2 52. Qg4 Kh2 53. b4 Bf2 54. b5 Bg3 55. Kd5 Bf2 56. Kc6 Bg3 57. b6 Kh1 58. b7 Kh2 59. Kd7 Bb8 60. Kc8 Bg3 61. b8=Q Bxb8 62. Kxb8 Kh1 63.
Kc7 Kh2 64. Kd6 Kh1 65. Ke5 Kh2 66. Kf4 Kh1 67. Kf3 Kh2 68. Qg2# 1-0

[Event "Early-Titled-Tuesday-Blitz-May-07-2024"]
[Site "Chess.com"]
[Date "2024.05.07"]
[Round "8"]
[White "vladgoncharov"]
[Black "Naruto75_3"]
[Result "1-0"]
[WhiteElo "2583"]
[BlackElo "2413"]
[TimeControl "180+1"]
[EndTime "9:34:39 PDT"]
[Termination "vladgoncharov won on time"]

1. d4 d5 2. c4 c6 3. Nf3 Nf6 4.
e3 e6 5. Nc3 Nbd7 6. Bd3 dxc4 7. Bxc4 b5 8. Bd3 Bb7 9. a4 b4 10. Nb1 Bd6 11. O-O O-O 12. a5 c5 13. Nbd2 cxd4 14. exd4 a6 15. Nc4 Bc7 16. Qe2 h6 17. Rd1 Re8 18. Nfe5 Qe7 19. Bf4 Nxe5 20. dxe5 Nd5 21.
Bg3 Rad8 22. Qe4 g6 23. Bh4 Qf8 24. Bxd8 Rxd8 25. Qf3 Qg7 26. Re1 Bc6 27. Rad1 Bb5 28. Nb6 Bc6 29. Bxa6 Bxe5 30. Bc4 Bxb2 31. Nxd5 exd5 32.
Bxd5 Bxd5 33. Rxd5 Rf8 34. g4 Bc3 35. Re7 b3 36. Rb7 b2 37. Kg2 Bf6 38. a6 Bd4 39. Qe4 Bxf2 40. Kxf2 Qf6+ 41. Qf3 Qh4+ 42. Kg2 h5 43. gxh5 Qa4 44. Rxb2 Qxa6 45. Rf2 1-0

[Event "Early-Titled-Tuesday-Blitz-May-07-2024"]
[Site "Chess.com"]
[Date "2024.05.07"]
[Round "8"]
[White "unbreakablepawn35"]
[Black "LimeInTheCoconut"]
[Result "1-0"]
[WhiteElo "2426"]
[BlackElo "2562"]
[TimeControl "180+1"]
[EndTime "9:34:39 PDT"]
[Termination "unbreakablepawn35 won on time"]

1. d4 Nf6 2. Nf3 e6 3. c4 c5 4. b3 d5 5. cxd5 exd5 6. e3 Nc6 7. Be2 cxd4 8. Nxd4 Bb4+ 9. Bd2 Bxd2+ 10. Qxd2 Ne4 11. Nxc6 bxc6 12. Qc2 Qa5+ 13. Nd2 O-O 14. Bd3 Nxd2 15. Qxd2 Qb6 16. O-O Ba6 17. Bxa6 Qxa6 18. Rac1 Qb6 19.
Qd4 Rfc8 20. Rc5 Rab8 21. Rfc1 Rc7 22. Qc3 Rbc8 23. g3 h6 24. Qa5 Kf8 25. Qc3 Kg8 26. Kg2 Qa6 27. Rc2 h5 28. Ra5 Qb6 29. Qc5 g6 30. b4 Kg7 31. a3 Kf6 32. Qc3+ Ke7 33. Rc5 a6 34. Qd4 Kf8 35. Rxd5 Qxd4 36. Rxd4 c5 37.
Rdc4 Rd7 38. Rxc5 Rcd8 39. Rc8 Kg7 40. Rxd8 Rxd8 41. Rc5 Rd6 42. Ra5 f5 43. h4 Kf6 44.
Kf3 Rc6 45. a4 Kg7 46. b5 Rb6 47. Rxa6 1-0

[Event "Early-Titled-Tuesday-Blitz-May-07-2024"]
[Site "Chess.com"]
[Date "2024.05.07"]
[Round "8"]
[White "FaustinoOro"]
[Black "Ural_bogatyr"]
[Result "1-0"]
[WhiteElo "2869"]
[BlackElo "2575"]
[TimeControl "180+1"]
[EndTime "9:34:40 PDT"]
[Termination "FaustinoOro won on time"]

1. e4 e5 2. Nf3 Nc6 3. Bb5 a6 4. Ba4 Nf6 5. d3 Bc5 6. O-O d6 7. c3 Ba7 8. Nbd2 O-O 9. h3 Ne7 10. d4 Ng6 11. Bc2 c6 12. Re1 Qc7 13. a4 a5 14. Nf1 h6 15. Ng3 Be6 16. Be3 Rad8 17. Qc1 Bb8 18. b3 Rfe8 19. c4 Bc8 20. d5 cxd5 21.
cxd5 Bd7 22. Qd2 Rc8 23. Rac1 b5 24. Bd3 Qb7 25. Qxa5 bxa4 26. bxa4 Bc7 27. Qa6 Qxa6 28. Bxa6 Ra8 29. Bb7 Ba5 30. Bxa8 Bxe1 31. Bc6 Ba5 32. Bxd7 Nxd7 33. Rc6 Bb4 34. Rc7 Nc5 35. Ra7 Ne7 36.
Bd2 Bxd2 37. Nxd2 Nc8 38. Ra8 Kf8 39. Nc4 g6 40. a5 Nd7 41. Ne2 Ke7 42. Nc3 f5 43. f3 f4 44. Nb5 Nc5 45. Rb8 Kd7 46. Kf1 g5 47. Ke2 Nb3 48. Rb7+ Kd8 49. a6 Re7 50.
Ncxd6 1-0

[Event "Early-Titled-Tuesday-Blitz-May-07-2024"]
[Site "Chess.com"]
[Date "2024.05.07"]
[Round "8"]
[White "Chessbard1972"]
[Black "shirovin"]
[Result "1-0"]
[WhiteElo "2331"]
[BlackElo "2085"]
[TimeControl "180+1"]
[EndTime "9:34:40 PDT"]
[Termination "Chessbard1972 won by checkmate"]

1. e4 Nf6 2. e5 Nd5 3. d4 d6 4.
Nf3 dxe5 5. Nxe5 c6 6. Bc4 Bf5 7. O-O e6 8. c3 Nd7 9. Re1 Nxe5 10. Rxe5 Bd6 11. Re1 Qc7 12. h3 O-O-O 13. Nd2 g5 14. Ne4 Bf4 15. Qf3 h5 16. Nxg5 Bxc1 17. Raxc1 Rdg8 18. Ne4 Rg6 19. Ng3 Bxh3 20. Bxd5 Bg4 21. Bxe6+ fxe6 22. Qe4 Rhg8 23. Re3 h4 24. Nf1 Bf5 25. Qf3 Bg4 26. Qe4 Bf5 27. Qf3 Rg4 28. Nh2 R4g6 29. Rce1 h3 30. g3 Qg7 31. Qf4 Rf8 32. Qe5 Qg8 33.
c4 Rg5 34. Qd6 Rd8 35. Qf4 b6 36. b4 Kb7 37. b5 Qg7 38. Qf3 Qc7 39. Rxe6 Bxe6 40.
Rxe6 Kb8 41. Rxc6 Qd7 42. Qf4+ Ka8 43. Qxg5 Qxd4 44. Qf6 Qd1+ 45. Nf1 h2+ 46. Kxh2 Qxf1 47. Qxd8+ Kb7 48. Qc8# 1-0

[Event "Early-Titled-Tuesday-Blitz-May-07-2024"]
[Site "Chess.com"]
[Date "2024.05.07"]
[Round "8"]
[White "GeorgiosSouleidis"]
[Black "PeshkaCh"]
[Result "0-1"]
[WhiteElo "2709"]
[BlackElo "2885"]
[TimeControl "180+1"]
[EndTime "9:34:41 PDT"]
[Termination "PeshkaCh won by resignation"]

1. e4 e5 2. Nc3 Nf6 3. d4 exd4 4. Qxd4 Nc6 5. Qd3 Bb4 6. Bd2 d6 7. O-O-O Be6 8. Kb1 Ne5 9. Qg3 Bxc3 10. Bxc3 Nxe4 11.
Qxg7 Nxc3+ 12. bxc3 Rf8 13. f4 Ng6 14. Nf3 Qd7 15. Qf6 Ne7 16. Ng5 O-O-O 17. Nxh7 Rg8 18. Ng5 Nf5 19. Bd3 Rg6 20. Nxe6 Rxf6 21. Nxd8 Kxd8 22.
Rde1 d5 23. g4 Nd6 24. f5 Nc4 25. Bxc4 dxc4 26. Rd1 Rd6 27. Kc1 Qe7 28. Rxd6+ cxd6 29. Kb2 Qe4 30. Rg1 Qe3 31. Rg2 Qf3 32. Rg1 Qf2 33.
Rd1 Qxh2 34. Rd4 b5 35. a4 a6 36. axb5 axb5 37. Rd5 Qf4 38. Rd4 Qe5 39. Ka3 Kc7 40. Kb2 Kb6 41. Rd2 b4 0-1

[Event "Early-Titled-Tuesday-Blitz-May-07-2024"]
[Site "Chess.com"]
[Date "2024.05.07"]
[Round "8"]
[White "GoltsevDmitry2000"]
[Black "MVM2008"]
[Result "0-1"]
[WhiteElo "2757"]
[BlackElo "2573"]
[TimeControl "180+1"]
[EndTime "9:34:42 PDT"]
[Termination "MVM2008 won by checkmate"]

1. e4 c6 2. e5 d6 3. exd6 exd6 4.
d4 d5 5. Nf3 Nf6 6. Bd3 Bd6 7.
O-O Ne4 8. c4 O-O 9. Nc3 Nxc3 10.
bxc3 dxc4 11. Bxc4 Bf5 12. Ng5 h6 13. Nxf7 Rxf7 14.
Qh5 Qf6 15. Re1 Be6 16. Bg5 Qxf2+ 17. Kh1 Bxc4 18. Bh4 Qf5 19. Qd1 Nd7 20. Rb1 Raf8 21. Kg1 Qf1+ 22. Rxf1 Rxf1+ 23. Qxf1 Rxf1+ 24. Rxf1 Bxh2+ 25. Kf2 Bxf1 26. Kxf1 Bd6 27. Ke2 Kf7 28. Kd3 Ke6 29.
c4 c5 30. d5+ Kf5 31. Be1 g5 32. Bc3 Ne5+ 33. Kc2 Nxc4 34. Bg7 Ne3+ 35. Kb3 Kg6 36. Bc3 Nxd5 37. Bd2 Kf5 38. a3 b5 39. a4 a6 40. a5 c4+ 41. Kc2 h5 42. Bc1 h4 43.
Bb2 Bc7 44. Bd4 Bxa5 45. Bc5 g4 46. Bd4 Bb6 47. Bb2 a5 48. Bc1 b4 49. Bd2 a4 50.
g3 hxg3 51. Kd1 g2 52. Ke2 g1=Q 53. Bc1 Nc3+ 54. Kd2 Be3+ 55. Kc2 Qxc1# 0-1

[Event "Early-Titled-Tuesday-Blitz-May-07-2024"]
[Site "Chess.com"]
[Date "2024.05.07"]
[Round "8"]
[White "FontVella8"]
[Black "Zarinur"]
[Result "0-1"]
[WhiteElo "2671"]
[BlackElo "2550"]
[TimeControl "180+1"]
[EndTime "9:34:42 PDT"]
[Termination "Zarinur won by resignation"]

1. d4 Nf6 2. c4 e6 3. Nf3 d5 4.
Nc3 dxc4 5. e3 a6 6. a4 b6 7.
Bxc4 Bb7 8. O-O Nbd7 9. Qe2 Bb4 10. Rd1 O-O 11. Bd2 Qe7 12. h3 c5 13. Be1 Rfc8 14. Rac1 Bxf3 15. gxf3 cxd4 16. Rxd4 Nc5 17. Rcd1 e5 18.
Nd5 Nxd5 19. Rxd5 Bxe1 20. Qxe1 Qh4 21. Qf1 Ne6 22. Bxa6 Rf8 23. Rxe5 Ng5 24. Rxg5 Qxg5+ 25. Kh2 Qh5 26. f4 Rxa6 27. Qxa6 Qxd1 28. Qxb6 Qc2 29. Kg3 Qxa4 30. b4 Qd1 31. b5 h5 32. Qc6 Qg1+ 33.
Kh4 Qxf2+ 34. Kxh5 Qxe3 35. Kg4 Qe2+ 36. Kg3 Rd8 37. b6 Qe3+ 38. Kg4 Qe6+ 39. Qxe6 fxe6 40. f5 exf5+ 41. Kxf5 Rb8 42. Kg5 Rxb6 43. h4 Rh6 44. h5 Kf7 45. Kg4 Kf6 46. Kh4 Kf5 0-1

[Event "Early-Titled-Tuesday-Blitz-May-07-2024"]
[Site "Chess.com"]
[Date "2024.05.07"]
[Round "8"]
[White "Chessdude1987"]
[Black "ChelsieMonica"]
[Result "0-1"]
[WhiteElo "2372"]
[BlackElo "2529"]
[TimeControl "180+1"]
[EndTime "9:34:42 PDT"]
[Termination "ChelsieMonica won on time"]

1. e4 e5 2. Nf3 Nc6 3. d4 exd4 4. Nxd4 Bc5 5. Nxc6 Qf6 6. Qd2 dxc6 7. Nc3 Bb4 8. Bd3 Bxc3 9. bxc3 Ne7 10. O-O O-O 11. f4 c5 12. Rb1 Qc6 13. Qe2 a6 14. c4 f5 15. Bb2 Ng6 16. Rf3 Bd7 17. Rg3 Rae8 18.
Re1 Rf7 19. Qf3 Qb6 20. Bc3 Bc6 21. Qh5 Bxe4 22. Bxe4 Rxe4 23. Rd1 Rf8 24. Qg5 Qe6 25. h4 Re3 26. h5 Rxg3 27. Qxg3 Qe2 28. Re1 Qxh5 29. Qe3 Rf7 30. Qe8+ Nf8 31. Qe5 h6 32. Re3 Kh7 33. Rg3 Ng6 34. Qe6 Nxf4 35. Qe5 Ne2+ 36.
Kf2 Nxg3 37. Qxg3 Qg6 38. Qe5 f4 0-1

[Event "Early-Titled-Tuesday-Blitz-May-07-2024"]
[Site "Chess.com"]
[Date "2024.05.07"]
[Round "8"]
[White "Golubovsky"]
[Black "Byniolus"]
[Result "0-1"]
[WhiteElo "2524"]
[BlackElo "2816"]
[TimeControl "180+1"]
[EndTime "9:34:43 PDT"]
[Termination "Byniolus won on time"]

1. c4 c6 2. Nc3 d5 3. e3 Nf6 4.
Nf3 Bg4 5. b3 e6 6. Bb2 Nbd7 7.
Qc2 Be7 8. Be2 Bf5 9. d3 h6 10. e4 Bh7 11. O-O O-O 12. h3 a5 13. Rfe1 Nc5 14. Rad1 dxe4 15. dxe4 Qb6 16. Bf1 Rfd8 17. Rxd8+ Rxd8 18. Nd2 Nfd7 19. Qc1 Bf6 20. Na4 Nxa4 21. Bxf6 Nxf6 22. bxa4 Qb4 23. Nb3 Nxe4 24. Rd1 Ra8 25. Rd7 Bg6 26. h4 Nf6 27. Rc7 Qb6 28. Qf4 e5 29.
Qxe5 Re8 30. Qd6 Re1 31. c5 Qa6 32. Rc8+ Kh7 33. Nd2 Bd3 34. Qf8 Bxf1 35. Kh2 Qd3 36. Nf3 Ng4+ 37. Kg3 Ne5 0-1

[Event "Early-Titled-Tuesday-Blitz-May-07-2024"]
[Site "Chess.com"]
[Date "2024.05.07"]
[Round "8"]
[White "Caroexpert"]
[Black "JG-17"]
[Result "1-0"]
[WhiteElo "2677"]
[BlackElo "2528"]
[TimeControl "180+1"]
[EndTime "9:34:43 PDT"]
[Termination "Caroexpert won on time"]

1. Nf3 Nf6 2. d4 d5 3. c4 e6 4.
Nc3 c6 5. cxd5 exd5 6. Bg5 Bf5 7. e3 Be7 8. h3 O-O 9. Be2 Qb6 10. Qb3 Na6 11.
O-O Qxb3 12. axb3 Nb4 13. Ne5 Rfe8 14. g4 Bc2 15. Bd1 Ne4 16. Bxe7 Rxe7 17. f3 Nd2 18. Rf2 Bxd1 19. Rxd1 Nxb3 20. g5 a5 21. f4 g6 22. h4 a4 23. h5 a3 24. bxa3 Rxa3 25.
Ne2 Na5 26. Ng4 Nc4 27. Nf6+ Kh8 28. hxg6 fxg6 29. f5 Nxe3 30. Rb1 Nd3 31. Rf3 Nxf5 32. Nf4 Re3 33. Rxe3 Nxe3 34. Rxb7 Ra1+ 35. Kh2 Nf1+ 36. Kh3 Nxf4+ 37. Kg4 h5+ 38. Kxf4 1-0

[Event "Early-Titled-Tuesday-Blitz-May-07-2024"]
[Site "Chess.com"]
[Date "2024.05.07"]
[Round "8"]
[White "ploxoi"]
[Black "kacperkarwowski"]
[Result "1-0"]
[WhiteElo "2347"]
[BlackElo "2507"]
[TimeControl "180+1"]
[EndTime "9:34:43 PDT"]
[Termination "ploxoi won by checkmate"]

1. d4 e6 2. c4 d5 3. Nf3 Nf6 4. g3 dxc4 5. Bg2 c5 6. Qa4+ Bd7 7. Qxc4 Nc6 8. O-O b5 9. Qd3 c4 10. Qc2 Be7 11. a4 a6 12. Na3 O-O 13. Rd1 Nd5 14. h4 Na5 15. e4 Nb4 16. Qe2 Nb3 17. Rb1 Nd3 18. Be3 Bxa3 19. bxa3 bxa4 20. Ne5 Bb5 21. Qc2 Nxe5 22. dxe5 Qe7 23. Rd6 Rac8 24. Rbd1 c3 25. Bf1 Qb7 26. f3 Bxf1 27. Kxf1 Qb5+ 28. Kf2 Qxe5 29.
Rxa6 Rfd8 30. Rxd8+ Rxd8 31. Rxa4 Na1 32. Qc1 c2 33.
Bd4 Rxd4 34. Ra8+ Qb8 35. Rxb8+ Rd8 36. Rxd8# 1-0

[Event "Early-Titled-Tuesday-Blitz-May-07-2024"]
[Site "Chess.com"]
[Date "2024.05.07"]
[Round "8"]
[White "OparinGrigoriy"]
[Black "Zhigalko_Sergei"]
[Result "1-0"]
[WhiteElo "2995"]
[BlackElo "2879"]
[TimeControl "180+1"]
[EndTime "9:34:45 PDT"]
[Termination "OparinGrigoriy won by checkmate"]

1. d4 Nf6 2. c4 e6 3. Nf3 b6 4.
g3 Ba6 5. Nbd2 Bb4 6. Qb3 Bxd2+ 7. Bxd2 O-O 8. Bg2 Bb7 9. O-O d6 10. Rad1 Nbd7 11. Rfe1 h6 12. Qc2 Be4 13. Qc1 Re8 14.
Bc3 a6 15. Bh3 b5 16. Nd2 bxc4 17. Nxc4 Bd5 18. b3 Qb8 19. Na5 Ne4 20. f3 Nxc3 21.
Qxc3 Qb6 22. e4 Bb7 23. Bf1 Rac8 24. Kg2 Ba8 25. Qd2 d5 26. exd5 Bxd5 27. Nc4 Qb7 28. Qf2 Red8 29. Rc1 Nf6 30. Ne5 Nd7 31. Nd3 c6 32. Nc5 Nxc5 33. Rxc5 Qb4 34. Qe3 Qa3 35. Re2 a5 36. Qc3 Ra8 37. Kf2 Qb4 38. Rc2 Qxc3 39. R5xc3 a4 40. b4 a3 41. Bc4 Rdb8 42.
Rb3 Ra4 43. Bxd5 cxd5 44. b5 Rxd4 45. Ke3 Ra4 46. b6 Kh7 47. b7 Ra7 48. Rc7 e5 49.
Rxf7 Kg6 50. Rd7 Kf6 51. Rb6+ Kf5 52. g4+ Kg5 53. Rxg7+ Kh4 54. Rxh6# 1-0

[Event "Early-Titled-Tuesday-Blitz-May-07-2024"]
[Site "Chess.com"]
[Date "2024.05.07"]
[Round "8"]
[White "TrompeterImEther"]
[Black "chessdjw"]
[Result "0-1"]
[WhiteElo "2599"]
[BlackElo "2772"]
[TimeControl "180+1"]
[EndTime "9:34:45 PDT"]
[Termination "chessdjw won on time"]

1. e4 e5 2. Nf3 Nc6 3. Bb5 a6 4. Ba4 Nf6 5. O-O b5 6. Bb3 Bc5 7. a4 Rb8 8. axb5 axb5 9. Nxe5 Nxe5 10. d4 Bxd4 11. Qxd4 d6 12. f4 Nc6 13. Qc3 Ne7 14. e5 Ne4 15. Qe1 Nc5 16. Ba2 O-O 17. b4 dxe5 18.
Be3 Na4 19. fxe5 Nd5 20. Bd4 Be6 21. c3 Qg5 22. Kh1 Rfd8 23. Nd2 Naxc3 24. Nf3 Qg4 25. Bxc3 Nf4 26. Qg3 Qxg3 27. hxg3 Ne2 28. Be1 Ra8 29. Bxe6 Rxa1 30. Bg4 Nxg3+ 31. Bxg3 Rxf1+ 32. Kh2 Rb1 33. e6 Rxb4 34. exf7+ Kxf7 35. Bxc7 Ra8 36. Bd7 Ra7 37. Bf4 Rxf4 38. Bxb5 Rxf3 0-1

[Event "Early-Titled-Tuesday-Blitz-May-07-2024"]
[Site "Chess.com"]
[Date "2024.05.07"]
[Round "8"]
[White "Kotofeyca"]
[Black "Ginger_GM"]
[Result "0-1"]
[WhiteElo "2509"]
[BlackElo "2661"]
[TimeControl "180+1"]
[EndTime "9:34:45 PDT"]
[Termination "Ginger_GM won on time"]

1. d4 e6 2. c4 b6 3. Nc3 Bb7 4. a3 g6 5. e4 Bg7 6. Be3 d6 7. Qd2 Nd7 8. Bd3 h6 9. Nge2 Ne7 10. O-O a6 11. b4 e5 12. f4 exf4 13. Bxf4 g5 14.
Bg3 Ng6 15. e5 dxe5 16. Bxg6 fxg6 17. Qd3 e4 18. Nxe4 Qe7 19. N2c3 O-O-O 20. Rae1 Ne5 21.
Bxe5 Qxe5 22. Qh3+ Qf5 23. Rxf5 gxf5 24. Qxf5+ Kb8 25.
d5 Rhf8 26. Qg6 Bd4+ 27. Kh1 Bc8 28. Qxh6 g4 29. Rd1 Be5 30. Qg5 Rde8 31. c5 Rf5 32.
Qd2 Ref8 33. Kg1 Rh8 34. g3 Rfh5 35. cxb6 cxb6 36. Qf2 Ka7 37. Rd2 Rf5 38. Qe3 Rhf8 39. Kg2 Rf3 40. Qg5 Bxc3 41. Nxc3 Bb7 42. Ne4 Re8 43.
Qxg4 Re3 0-1